 Dungeon Crawl Stone Soup version 0.31-a0-263-ge8cad7f256 (webtiles) character file.

Game seed: 12781054565339663582

103 lunkers the Insei (level 5, -5/41 HPs)
             Began as a Meteoran Shapeshifter on July 13, 2023.
             Splashed by a jelly's acid (10 damage)
             ... on level 4 of the Dungeon.
             The game lasted 00:02:12 (1625 turns).

lunkers the Insei (Meteoran Shapeshifter)           Turns: 1625, Time: 00:02:12

Health: -5/41      AC: -2    Str: 16    XL:     5   Next: 29%
Magic:  6/6        EV: 13    Int:  9    God:
Gold:   163        SH:  5    Dex: 17    Spells: 4/4 levels left

rFire   . .          .
                       - Unarmed
rCold   . . .        (no shield)
rNeg    . . .        a - +0 animal skin
rPois   .            (helmet currently unavailable)
rElec   .            (cloak currently unavailable)
rCorr   .            (gloves currently unavailable)
SInv    .            (boots currently unavailable)
Will    .....        q - amulet of reflection
Stlth   +            (no ring)
HPRegen 0.26/turn    (no ring)
MPRegen 0.10/turn

%: reflection
@: beast-form, corroded, glowing
A: beast (slay +2), sense surroundings 1, otherworldly, glowing, explore regen
a: Begin Untransformation


You were on level 4 of the Dungeon.
You were a hulking beast.
You visited 1 branch of the dungeon, and saw 4 of its levels.

You collected 163 gold pieces.

Inventory:

Armour
 a - a +0 animal skin (worn)
 r - a +0 pair of boots
Jewellery
 g - an amulet of faith
 q - an amulet of reflection (around neck)
Talismans
 c - a beast talisman
Wands
 m - a wand of charming (12)
Scrolls
 b - a scroll of revelation {unknown}
 d - a scroll of teleportation {unknown}
 e - 2 scrolls of enchant armour {unknown}
 f - 4 scrolls of identify {unknown}
 h - a scroll of silence {unknown}
 p - a scroll of butterflies {unknown}
 s - a scroll of blinking {unknown}
Potions
 i - a potion of haste {unknown}
 j - a potion of brilliance {unknown}
 k - a potion of curing {unknown}
 l - a potion of lignification
 n - a potion of ambrosia {unknown}
 o - a potion of heal wounds {unknown}


   Skills:
 - Level 2.1 Fighting
 - Level 2.4 Dodging
 + Level 5.8 Unarmed Combat
 - Level 3.6 Shapeshifting


You had 4 spell levels left.
You didn't know any spells.
Your spell library was empty.

Dungeon Overview and Level Annotations

Branches:
Dungeon (4/15) Zot: 783
 Temple: D:4-7

Altars:
Sif Muna
Xom

Shops:
D:2 ?


Innate Abilities, Weirdness & Mutations

You are a hulking beast.
Your limbs bulge with bestial killing power. (Slay +2)
You passively map a small area around you.
You are easily found by Zot.
You glow in the dark.
You regain HP and MP as you explore.


Message History

You closely miss the adder.
The adder is heavily wounded.
You feel sick. The adder bites you but does no damage.
You hit the adder.
The adder is almost dead.
You feel sick. The adder bites you but does no damage.
A jelly comes into view.
The jelly quivers.
You hit the adder.
You kill the adder!
You feel sick.
Found an escape hatch in the floor.
You feel sick.
You feel sick.
Found a short sword.
You feel sick. The jelly hits you.
You are splashed with acid.
You punch the jelly!
Your hands burn!
* * * LOW HITPOINT WARNING * * *
The jelly is heavily wounded.
You feel sick. The jelly hits you but does no damage.
You hit the jelly. The acid corrodes you!
Your hands burn!
* * * LOW HITPOINT WARNING * * *
The jelly is severely wounded.
You feel sick.
You are no longer poisoned.
The jelly barely misses you.
You hit the jelly.
Your hands burn!
* * * LOW HITPOINT WARNING * * *
The jelly is almost dead.
The jelly hits you.
* * * LOW HITPOINT WARNING * * *
You are splashed with acid!
* * * LOW HITPOINT WARNING * * *
Unknown command.
Unknown command.
You barely miss the jelly.
The jelly is almost dead.
The jelly hits you.
* * * LOW HITPOINT WARNING * * *
You are splashed with acid!
You die...

,* .)########*.... * ,
..#....... .#.. * * ,
.........##..., , , ,
............# ..
...........### ....
.............######....
..>.................... ,
......Jh..............,
.........)..........#,
...........#..#.....#,#.
....^...............# [.
,....##########......#..#
* * ##.., ##.....#..# ...
* * * #.......## ## * , *
#......... , * ,*
#.....#..#


You could see a jelly.

Vanquished Creatures
  Natasha (twice) (D:2)
  3 adders
  A worm (D:2)
  A ball python (D:2)
  3 endoplasms
  3 hobgoblins
  6 kobolds
  A quokka (D:3)
  2 bats
  2 frilled lizards
  A goblin (D:2)
  3 rats (D:2)
28 creatures vanquished.

Notes
Turn   | Place    | Note
-------+----------+-------------------------------------------
     0 | D:1      | lunkers the Meteoran Shapeshifter began the quest for the
                  | Orb.
     0 | D:1      | Reached XP level 1. HP: 17/17 MP: 2/2
   132 | D:2      | Reached skill level 3 in Unarmed Combat
   132 | D:2      | Reached XP level 2. HP: 24/24 MP: 3/3
   249 | D:2      | HP: 1/24 [adder (1)]
   253 | D:2      | Reached XP level 3. HP: 3/29 MP: 4/4
   258 | D:2      | Reached skill level 4 in Unarmed Combat
   444 | D:2      | Found Iloidibu's Magic Scroll Emporium.
   531 | D:2      | Noticed Natasha
   543 | D:2      | Killed Natasha
   544 | D:2      | Reached XP level 4. HP: 6/36 MP: 5/5
   591 | D:2      | Noticed Natasha
   600 | D:2      | Killed Natasha
   601 | D:2      | Reached skill level 5 in Unarmed Combat
   823 | D:3      | Found a shimmering blue altar of Sif Muna.
  1018 | D:3      | Reached XP level 5. HP: 24/41 MP: 6/6
  1043 | D:3      | Found a shimmering altar of Xom.
  1625 | D:4      | Splashed by a jelly's acid

Illustrated notes

Levels and vault maps discovered:
D:1:      dpeg_arrival_tiny_h, layout_basic, grunt_decor_one_mirror,
          minivault_19
D:2:      layout_basic, serial_shops, nicolae_shop_statue_plus, uniq_natasha
D:3:      layout_basic, mainiacjoe_overflow_alcove_4, lemuel_doored_altar
D:4:      layout_rooms, nicolae_gozag_seed_capital, serial_shops,
          nicolae_shop_window_shopping, uniq_edmund

Skill      XL: |  1  2  3  4 |
---------------+-------------+-----
Unarmed Combat | 3 4 5 |  5.8
Fighting       | |  2.1
Dodging        | |  2.4
Shapeshifting  | |  3.6

Action                     |  1- 3 |  4- 6 || total
---------------------------+-------+-------++-------
  Melee: Unarmed           |    53 |    49 ||   102
         Punch             |     2 |       ||     2
    Use: Potion            |     1 |       ||     1
 Armour: Animal skin       |     9 |     6 ||    15
         Skin              |     7 |       ||     7
  Dodge: Dodged            |    27 |    15 ||    42
  Block: Other             |       |     4 ||     4

Table legend: (Time is in decaauts)
 A = Elapsed time spent in this place.
 B = Non-inter-level travel time spent in this place.
 C = Inter-level travel time spent in this place.
 D = Time resting spent in this place.
 E = Time spent auto-exploring this place.
 F = Levels seen in this place.
 G = Mean time per level.
                   A        B        C        D        E       F      G
               +--------+--------+--------+--------+--------+-----+--------+
         Total |   1615 |   1615 |      0 |     33 |   1278 |   4 |  403.8 |
       Dungeon |   1615 |   1615 |      0 |     33 |   1278 |   4 |  403.8 |
               +--------+--------+--------+--------+--------+-----+--------+

Top non-repeatable levels by time:
     D:3: 907 daAuts
     D:2: 561 daAuts
     D:1: 116 daAuts
     D:4: 30 daAuts
